 Dungeon Crawl Stone Soup version 0.26.1-2-gb8aa6d0cf2 (webtiles) character file.

Game seed: 6702986227602883661

814 Groucho the Covert (level 7, -27/32 HPs)
             Began as a Spriggan Enchanter on Feb 17, 2021.
             Annihilated by an ogre
             ... wielding a +0 giant spiked club
              (32 damage)
             ... on level 5 of the Dungeon.
             The game lasted 00:18:07 (10806 turns).

Groucho the Covert (Spriggan Enchanter)            Turns: 10806, Time: 00:18:08

Health: -27/32     AC:  3    Str:  6      XL:     7   Next: 62%
Magic:  10/14      EV: 18    Int: 16      God:
Gold:   342        SH:  0    Dex: 16 (17) Spells: 3/15 levels left

rFire    . . .     SeeInvis +   a - +1 dagger
rCold    . . .     Faith    .   (shield restricted)
rNeg     . . .     Spirit   .   b - +0 robe
rPois    .         Reflect  .   (helmet restricted)
rElec    .         Harm     .   c - +0 cloak
rCorr    .         Rampage  .   (gloves unavailable)
Will     +....                  (boots unavailable)
Stlth    +++++.....             (no amulet)
HPRegen  0.10/turn              (no ring)
MPRegen  0.14/turn              (no ring)

@: confusing touch, very quick
A: very small, unfitting armour, see invisible, speed 3
a: no special abilities


You were on level 5 of the Dungeon.
You visited 1 branch of the dungeon, and saw 5 of its levels.

You collected 342 gold pieces.

Inventory:

Hand Weapons
 a - a +1 dagger (weapon)
 z - a +0 dagger of speed
Missiles
 e - 33 poisoned darts
Armour
 b - a +0 robe (worn)
 c - a +0 cloak (worn)
Jewellery
 i - a +4 ring of slaying
Wands
 y - a wand of polymorph (10)
Scrolls
 f - 3 scrolls of magic mapping {unknown}
 g - a scroll of blinking {unknown}
 h - 3 scrolls of fear {unknown}
 j - 8 scrolls of identify {unknown}
 k - a scroll of remove curse {unknown}
 m - 2 scrolls of teleportation {unknown}
 r - 3 scrolls of fog {unknown}
 u - a scroll of enchant weapon {unknown}
 w - 2 scrolls of amnesia {unknown}
Potions
 d - a potion of magic {unknown}
 l - 2 potions of attraction {unknown}
 n - 3 potions of brilliance {unknown}
 o - 2 potions of might {unknown}
 p - a potion of berserk rage {unknown}
 q - a potion of heal wounds {unknown}
 s - 4 potions of curing {unknown}
 t - 2 potions of flight {unknown}
 v - a potion of mutation {unknown}
 x - a potion of lignification {unknown}


   Skills:
 - Level 1.1 Short Blades
 - Level 3.0 Dodging
 * Level 12.0 Stealth
 + Level 4.5 Spellcasting
 + Level 5.1 Hexes


You had 3 spell levels left.
You knew the following spells:

 Your Spells              Type           Power        Failure   Level
a - Corona                Hex            22%          1%          1
b - Ensorcelled Hibernat  Hex/Ice        22%          9%          2
c - Confusing Touch       Hex            20%          6%          3
d - Tukima's Dance        Hex            20%          6%          3
e - Dazzling Flash        Conj/Hex       22%          17%         3

Your spell library contained the following spells:

 Spells                   Type           Power        Failure   Level
 Magic Dart               Conj           12%          16%         1
 Searing Ray              Conj           6%           24%         2
 Fulminant Prism          Conj/Hex       5%           50%         4
 Iskenderun's Mystic Bla  Conj/Tloc      3%           85%         4


Dungeon Overview and Level Annotations

Branches:
Dungeon (5/15)
 Temple: D:4-7

Altars:
Cheibriados
Nemelex Xobeh
Xom

Annotations:
D:3 2 transporters, kthxbai's ghost, amateur OpEE
D:4 3 runed translucent doors, TangoThomas's ghost, amateur MfTm


Innate Abilities, Weirdness & Mutations

You are very small and have problems with some larger weapons.
You are too small for most types of armour.
You have supernaturally acute eyesight. (SInv)
You cover ground extremely quickly.


Message History

The ogre shouts!
You hit the ogre but do no damage.
The centaur shoots an arrow.
The arrow misses you.
The ogre hits you with a +0 giant spiked club.
Unknown command.
The centaur shoots an arrow.
The arrow barely misses you.
You see here an arrow.
Casting: Ensorcelled Hibernation (safe; 9% risk of failure)
Confirm with . or Enter, or press ? or * to list all spells.
Your hands begin to glow red.
You hit the ogre but do no damage.
The ogre hits you with a +0 giant spiked club!
You hit the ogre but do no damage.
The centaur unwields a +0 shortbow.
The centaur hits you!
* * * LOW HITPOINT WARNING * * *
Unknown command.
You hit the ogre but do no damage. The centaur closely misses you.
The ogre hits you with a +0 giant spiked club!!
Ouch! That really hurt!
You die...

######## #......# ## #......#
#. #####....(.# ########.
...........#####.....##.
.........(.............. ##.#
#...........####...#.##. ...
#....##Oc......'...#.##.
..##... #@.....###...#(##.
...#.. #.....(# #.###.###
#.#.# #.....####.....##.
###...# #........#.######.
#..[..## #...(.(....#......
#.#....####.....##.###...<#. #
#............'#.....#....##.
#.##...##..†##..#..........'..
#.....####.####.....#.#....###


You could see an ogre and a centaur.

Vanquished Creatures
  Edmund (D:5)
  An ogre (D:4)
  A scorpion (D:4)
  A quasit (D:3)
  2 jellies (D:3)
  2 hounds
  An orc priest (D:4)
  4 orc wizards
  Jessica (D:2)
  A worker ant (D:5)
  3 hound skeletons
  5 adders
  An ooze (D:2)
  An adder skeleton (D:4)
  3 worms
  2 dart slugs (D:1)
  4 leopard geckos
  9 orcs
  7 bats
  2 giant cockroaches
  6 goblins
  5 hobgoblins
  2 iguanas
  10 jackals
  5 kobolds
  A quokka (D:2)
  2 ball pythons
  6 frilled lizards
  A jackal skeleton (D:4)
  A leopard gecko skeleton (D:4)
  11 rats
102 creatures vanquished.

Notes
Turn   | Place    | Note
-------+----------+-------------------------------------------
     0 | D:1      | Groucho the Spriggan Enchanter began the quest for the Orb.
     0 | D:1      | Reached XP level 1. HP: 9/9 MP: 5/5
   480 | D:1      | Reached skill level 5 in Stealth
   534 | D:1      | Reached XP level 2. HP: 8/13 MP: 6/6
   886 | D:1      | Learned a level 2 spell: Ensorcelled Hibernation
  1428 | D:1      | Reached skill level 6 in Stealth
  2471 | D:2      | Reached XP level 3. HP: 7/16 MP: 2/8
  2900 | D:2      | Reached skill level 7 in Stealth
  3397 | D:2      | Reached XP level 4. HP: 14/21 MP: 4/9
  3924 | D:2      | Reached skill level 8 in Stealth
  4091 | D:2      | Noticed Jessica
  4093 | D:2      | Killed Jessica
  5308 | D:3      | Reached XP level 5. HP: 24/24 MP: 7/10
  5872 | D:3      | Reached skill level 9 in Stealth
  6202 | D:2      | Learned a level 3 spell: Confusing Touch
  7369 | D:3      | Found a shimmering altar of Xom.
  7466 | D:3      | Reached skill level 10 in Stealth
  7676 | D:3      | Noticed kthxbai's ghost (amateur OpEE)
  7677 | D:3      | Found a transporter.
  7677 | D:3      | Found a transporter.
  7678 | D:3      | Identified the cursed +3 dire flail of Compound Interest
                  | {vorpal, rC+ Dex+5}
  7678 | D:3      | Noticed an ogre
  7679 | D:3      | Noticed an ogre
  8159 | D:3      | Reached XP level 6. HP: 28/28 MP: 8/11
  8866 | D:4      | Noticed TangoThomas's ghost (amateur MfTm)
  8874 | D:4      | Found a runed translucent gate.
  8874 | D:4      | Found a runed translucent gate.
  8876 | D:4      | Found a runed translucent gate.
  9108 | D:4      | Reached skill level 11 in Stealth
  9295 | D:4      | Found a snail-covered altar of Cheibriados.
  9348 | D:4      | Reached XP level 7. HP: 32/32 MP: 10/13
  9823 | D:5      | Entered Level 5 of the Dungeon
  9876 | D:5      | Found a sparkling altar of Nemelex Xobeh.
  9963 | D:5      | Learned a level 3 spell: Tukima's Dance
  9967 | D:5      | Learned a level 3 spell: Dazzling Flash
 10116 | D:5      | Noticed Edmund
 10134 | D:5      | Killed Edmund
 10205 | D:5      | Reached skill level 5 in Hexes
 10274 | D:5      | Reached skill level 12 in Stealth
 10806 | D:5      | Annihilated by an ogre

Illustrated notes

Levels and vault maps discovered:
D:1:      wander_arrival_chamber, layout_rooms, minmay_pentomino_v4
D:2:      minmay_inner_zag, layout_basic, uniq_jessica
D:3:      layout_basic, gammafunk_ghost_smash, grunt_decor_cap,
          grunt_decor_mini_mirrors, hangedman_decor_lopped, dk_xom_monty_hall
D:4:      layout_loops_ring, kennysheep_slug_shrine, gammafunk_ghost_split,
          minmay_circle_x
D:5:      layout_basic, nemelex_lonely_heart_becter, uniq_edmund

Skill      XL: |  1  2  3  4  5  6  7 |
---------------+----------------------+-----
Stealth        | 5 6 7 8 10 11 12 | 12.0
Spellcasting   | 3 4 |  4.5
Hexes          | 4 5 |  5.1
Short Blades   | |  1.1
Dodging        | |  3.0

Action                   |  1- 3 |  4- 6 |  7- 9 || total
-------------------------+-------+-------+-------++-------
Melee: Dagger            |   137 |   147 |    55 ||   339
 Cast: Ensorcelled Hiber |    13 |    50 |    21 ||    84
       Confusing Touch   |       |     8 |     2 ||    10
 Stab: Sleeping          |     8 |    41 |    15 ||    64
       Distracted        |     1 |       |       ||     1
       Confused          |       |     4 |     1 ||     5
Armor: Robe              |    16 |    35 |     5 ||    56
Dodge: Dodged            |   122 |   188 |    56 ||   366
